 Dungeon Crawl Stone Soup version 0.18-a0-1718-g40ea4b6 (webtiles) character file.

67 HeOfManyNames the Insei (level 3, -1/29 HPs)
             Began as a Mummy Monk on Apr 8, 2016.
             Slain by a gnoll
             ... wielding a +0 spear
              (2 damage)
             ... on level 3 of the Dungeon.
             The game lasted 00:01:14 (1809 turns).

HeOfManyNames the Insei (Mummy Monk)                Turns: 1809, Time: 00:01:14

Health: -1/29      AC:  0    Str: 14    XL:     3   Next: 98%
Magic:  3/3        EV: 13    Int:  9    God:
Gold:   72         SH:  0    Dex: 15    Spells: 0 memorised, 2 levels left

rFire  x . .     SeeInvis .       - Unarmed
rCold  + . .     Gourm    .     (no armour)
rNeg   + + +     Faith    .     (no shield)
rPois  ∞         Spirit   .     (no helmet)
rElec  .         Dismiss  .     (no cloak)
rCorr  .         Reflect  .     (no gloves)
SustAt .         Harm     +     (no boots)
MR     .....                    c - amulet of harm
Stlth  ++........               (no ring)
                                (no ring)

@: not resistant to hostile enchantments, unstealthy
A: no food or potions, fire vulnerability, cold resistance 1, negative energy
resistance 3, torment resistance, unbreathing
a: no special abilities


You were on level 3 of the Dungeon.
You were not hungry.

You visited 1 branch of the dungeon, and saw 3 of its levels.

You collected 72 gold pieces.


Innate Abilities, Weirdness & Mutations

You do not eat or drink.
Your flesh is vulnerable to fire.
You are immune to poison.
Your flesh is cold resistant.
You are immune to negative energy.
You are immune to unholy pain and torment.
You can survive without breathing.


   Skills:
 - Level 3.0 Fighting
 - Level 2.4 Dodging
 - Level 1.5 Stealth
 + Level 4.6 Unarmed Combat


You had 2 spell levels left.
You didn't know any spells.

Inventory:

Jewellery
 c - an amulet of harm (around neck)
Scrolls
 a - a scroll of magic mapping {unknown}
 b - 3 scrolls of identify {unknown}
 d - 3 scrolls of amnesia {unknown}
 e - a scroll of immolation {unknown}
 f - a scroll of enchant armour {unknown}
 g - a scroll of fear {unknown}
 h - a scroll of remove curse {unknown}

Dungeon Overview and Level Annotations

Branches:
Dungeon (3/15)

Altars:

▒▒.. .▒...
.▒ ▒ .....
...▒.
▒▒▒...
▒...▒▒▒.£o.
▒......g▒
▒▒.og▒▒▒▒▒
▒%gM.<...▒
▒..▒▒▒▒▒▒.▒
.... .▒▒. ▒


You could see 3 gnolls and 2 orcs.


Message History

You are too injured to fight recklessly!!!
You are too injured to fight recklessly!!!
You are too injured to fight recklessly!!!
You are too injured to fight recklessly!!!
You are too injured to fight recklessly!!!
You are too injured to fight recklessly!!!
You are too injured to fight recklessly!!!
You are too injured to fight recklessly!!!
You are too injured to fight recklessly!!!
You are too injured to fight recklessly!!!
You are too injured to fight recklessly!!!
You are too injured to fight recklessly!!!
You are too injured to fight recklessly!!!
You are too injured to fight recklessly!!!
You are too injured to fight recklessly!!!
You are too injured to fight recklessly!!!
You are too injured to fight recklessly!!!
You are too injured to fight recklessly!!!
You are too injured to fight recklessly!!!
You are too injured to fight recklessly!!!
Unknown command!
You pummel the gnoll like a punching bag!
The gnoll is almost dead!
The gnoll barely misses you! x3
You pulverise the gnoll!
You punch the gnoll!
You annihilate the gnoll!!!
The gnoll closely misses you!
The gnoll hits you with a flail!!! * * * don't die
* * * The orc barely misses you!
The gnoll hits you with a spear! rip

Action                   || total
-------------------------++-------
Melee: Unarmed           ||    92
 Stab: Sleeping          ||     4

Vault maps used:
D:1:      saegor_arrival_simple_e
D:2:      ecumenical_altar_1, first_bread, kennysheep_generic_room_16,
          uniq_jessica
D:3:      uniq_natasha

Notes
Turn   | Place    | Note
--------------------------------------------------------------
     0 | D:1      | HeOfManyNames the Mummy Monk began the quest for the Orb.
     0 | D:1      | Reached XP level 1. HP: 18/18 MP: 1/1
   699 | D:1      | Reached XP level 2. HP: 20/24 MP: 2/2
   760 | D:1      | HP: 2/24 [ooze (2)]
  1116 | D:2      | Found a faded altar to an unknown god.
  1178 | D:2      | Reached skill level 4 in Unarmed Combat
  1445 | D:2      | Noticed Jessica
  1452 | D:2      | Killed Jessica
  1452 | D:2      | Reached XP level 3. HP: 29/29 MP: 3/3
  1808 | D:3      | HP: 1/29 [gnoll/flail (10)]
  1809 | D:3      | Slain by a gnoll

Vanquished Creatures
  Jessica (D:2)
  A gnoll (D:3)
  An ooze (D:1)
  A giant gecko (D:1)
  2 giant cockroaches (D:2)
  6 goblins
  5 hobgoblins
  2 ball pythons (D:2)
  2 bats (D:1)
  A giant newt (D:1)
  A kobold (D:1)
  2 rats (D:1)
25 creatures vanquished.
